[Event "December 19 Early 2023"]
[Site "https://www.chess.com"]
[Date "2023.12.19"]
[Round "6"]
[White "Demina, Marya"]
[Black "Fonseca Manrique, Enrique"]
[Result "0-1"]
[Board "195"]
[TimeControl "180+1"]
[WhiteFideId "4195671"]
[BlackFideId "5114330"]
[WhiteElo "1978"]
[BlackElo "2133"]
[WhiteTeam "RUS"]
[BlackTeam "MEX"]
[WhiteClock "0:00:00"]
[BlackClock "0:00:35"]

1. d4 Nf6 2. Nf3 g6 3. c4 c5 4. Nc3 Bg7 5. e4 O-O 6. Be2 d6 7. O-O a6 8. Re1 Bg4 9. h3 Bxf3 10. Bxf3 cxd4 11. Qxd4 Nc6 12. Qd1 Rc8 13. Be2 Ne5 14. Qd4 Nfd7 15. Qa7 Nc5 16. Be3 Ra8 17. Bxc5 Rxa7 18. Bxa7 b6 19. Nd5 Nd7 20. Rab1 e6 21. Nb4 Qc7 22. Red1 Qxa7 23. Rxd6 Nc5 24. Bf3 Be5 25. Rd2 Qc7 26. Rbd1 a5 27. Nc2 Bxb2 28. Ne3 Bc3 29. Rd6 Bf6 30. Ng4 Be7 31. R6d2 Rd8 32. e5 Rxd2 33. Rxd2 Kg7 34. g3 Nd7 35. Re2 h5 36. Ne3 Nxe5 37. Be4 Bc5 38. Nc2 Nxc4 39. Kg2 Qd6 40. Bf3 Ne5 41. Be4 Qd1 0-1

[Event "December 19 Early 2023"]
[Site "https://www.chess.com"]
[Date "2023.12.19"]
[Round "6"]
[White "Feliz Dotel, Dewar Bienvenido"]
[Black "Viskelis, Darius"]
[Result "1-0"]
[Board "196"]
[TimeControl "180+1"]
[WhiteFideId "6402801"]
[BlackFideId "12800830"]
[WhiteElo "2069"]
[BlackElo "1860"]
[WhiteTeam "DOM"]
[BlackTeam "LTU"]
[WhiteClock "0:00:03"]
[BlackClock "0:00:00"]

1. Nf3 d5 2. c4 d4 3. b4 f6 4. e3 dxe3 5. fxe3 e5 6. d4 Bxb4+ 7. Bd2 Bxd2+ 8. Nbxd2 exd4 9. exd4 Nh6 10. Bd3 O-O 11. O-O Bf5 12. Ne4 Nc6 13. d5 Nb4 14. Bb1 Re8 15. Nfd2 a5 16. a3 Na6 17. Bc2 Re5 18. Qb1 b6 19. Nf3 Re8 20. Nd4 Bd7 21. Ng3 f5 22. Ngxf5 Nxf5 23. Nxf5 Nc5 24. Nd4 Qh4 25. Bf5 Qxd4+ 26. Kh1 Bxf5 27. Qxf5 Rf8 28. Qh5 Rxf1+ 29. Rxf1 Rf8 30. Rxf8+ Kxf8 31. h3 Qxc4 32. Qf5+ Ke8 33. Qc8+ Ke7 34. Qxc7+ Kf6 35. Qxb6+ Ke5 36. d6 Qc1+ 37. Kh2 Qf4+ 38. Kh1 Ne6 39. d7 Qf1+ 40. Kh2 Qf4+ 41. Kh1 Qd4 42. Qxa5+ Kf6 43. Qa7 Ke7 44. Qa5 Qxd7 45. Qb4+ Qd6 46. Qh4+ g5 47. Qxh7+ Kf6 48. Qh6+ Kf5 49. Qh7+ Kf4 50. Qf7+ Ke5 51. Qg8 Qxa3 52. Qh8+ Kf5 53. Qh7+ 1-0

[Event "December 19 Early 2023"]
[Site "https://www.chess.com"]
[Date "2023.12.19"]
[Round "6"]
[White "Saim, Mohamed Ilias"]
[Black "Nery Junior, Jose Antonio"]
[Result "0-1"]
[Board "197"]
[TimeControl "180+1"]
[WhiteFideId "7900465"]
[BlackFideId "2104822"]
[WhiteElo "2063"]
[BlackElo "2197"]
[WhiteTeam "ALG"]
[BlackTeam "BRA"]
[WhiteClock "0:00:00"]
[BlackClock "0:00:37"]

1. d4 d5 2. c4 c6 3. Nf3 Nf6 4. e3 e6 5. Nbd2 Bd6 6. Bd3 Nbd7 7. O-O Qe7 8. e4 dxc4 9. Nxc4 e5 10. Re1 Bc7 11. Ncxe5 Nxe5 12. Nxe5 Bxe5 13. dxe5 Qxe5 14. Qb3 O-O 15. Bd2 Be6 16. Qxb7 Rab8 17. Qxc6 Rfc8 18. Bc3 Qxh2+ 19. Kxh2 Rxc6 20. Bxf6 gxf6 21. b3 Rbc8 22. f4 Rc3 23. Rad1 Bg4 24. Be2 f5 25. e5 Rc2 26. Bxg4 fxg4 27. e6 fxe6 28. Rxe6 R8c7 29. Re5 h6 30. Re8+ Kf7 31. Rdd8 Rxa2 32. Rf8+ Ke7 0-1

[Event "December 19 Early 2023"]
[Site "https://www.chess.com"]
[Date "2023.12.19"]
[Round "6"]
[White "Filippova, Margarita"]
[Black "Navyblue1"]
[Result "0-1"]
[Board "198"]
[TimeControl "180+1"]
[WhiteFideId "34199680"]
[WhiteElo "1916"]
[BlackElo "2057"]
[WhiteTeam "RUS"]
[WhiteClock "0:01:10"]
[BlackClock "0:00:18"]

1. e4 c5 2. Nf3 d6 3. d4 cxd4 4. Qxd4 a6 5. Be3 Nc6 6. Qd2 g6 7. Nc3 Bg7 8. h3 Nf6 9. Be2 O-O 10. Nd4 Nxd4 11. Bxd4 Be6 12. O-O Rc8 13. Rad1 b5 14. a3 Bc4 15. f4 Qc7 16. Kh1 Rfd8 17. f5 Qc6 18. Bf3 Bxf1 19. Rxf1 Qc4 20. g4 Qxf1+ 21. Kh2 Qxf3 0-1

[Event "December 19 Early 2023"]
[Site "https://www.chess.com"]
[Date "2023.12.19"]
[Round "6"]
[White "Dominguez Rincon, Miller Duvan"]
[Black "Dilmukhametov, Artur"]
[Result "1-0"]
[Board "199"]
[TimeControl "180+1"]
[WhiteFideId "4406583"]
[BlackFideId "24179922"]
[WhiteElo "1960"]
[BlackElo "2176"]
[WhiteTeam "COL"]
[BlackTeam "RUS"]
[WhiteClock "0:01:17"]
[BlackClock "0:00:28"]

1. e4 c6 2. d4 d5 3. e5 Bf5 4. Nd2 h5 5. Nb3 e6 6. Nf3 Nd7 7. Be2 c5 8. c3 Qb6 9. O-O cxd4 10. Nbxd4 Ne7 11. a4 a6 12. a5 Qc7 13. Nxf5 Nxf5 14. Bf4 Be7 15. Re1 O-O 16. Bd3 g6 17. Bxf5 exf5 18. Qxd5 Rfd8 19. e6 Qxf4 20. exd7 Bf6 21. Qxb7 Rab8 22. Qxa6 Rxb2 23. Qxf6 Rbb8 24. Ne5 Rf8 25. Nxg6 fxg6 26. Qxg6+ Kh8 27. Re7 1-0

[Event "December 19 Early 2023"]
[Site "https://www.chess.com"]
[Date "2023.12.19"]
[Round "6"]
[White "Perez Cruz, Adianet"]
[Black "Ruge, Edison"]
[Result "0-1"]
[Board "200"]
[TimeControl "180+1"]
[WhiteFideId "3510115"]
[BlackFideId "4401000"]
[WhiteElo "1998"]
[BlackElo "2175"]
[WhiteTeam "CUB"]
[BlackTeam "COL"]
[WhiteClock "0:01:06"]
[BlackClock "0:01:45"]

1. d4 d6 2. Nf3 g6 3. b3 Bg7 4. Bb2 Nf6 5. e3 O-O 6. Nbd2 b6 7. c4 Bb7 8. Be2 Nbd7 9. O-O Re8 10. Rc1 e5 11. Qc2 e4 12. Ne1 h5 13. g3 Nf8 14. h4 N8h7 15. Ng2 g5 16. d5 Qe7 17. Bd4 Bc8 18. Qc3 Bg4 19. Bxg4 hxg4 20. Rfe1 Nh5 21. Bxg7 Nxg7 22. b4 gxh4 23. Nxh4 Ng5 24. c5 Nf3+ 25. Ndxf3 gxf3 26. cxd6 cxd6 27. Qc7 Qe5 28. Rc6 Rad8 29. Rec1 Nh5 30. Kh2 Nf6 31. Kg1 Rd7 32. Qxd7 Nxd7 33. Rc7 Nf6 34. Rxa7 Nxd5 35. Ra3 Nxb4 36. Rb3 Nd3 37. Rc7 b5 38. Nxf3 exf3 39. Rxd3 Qa1+ 40. Kh2 Qf1 0-1

[Event "December 19 Early 2023"]
[Site "https://www.chess.com"]
[Date "2023.12.19"]
[Round "6"]
[White "Marinakis, Hristos"]
[Black "Olcayoz, Gizem"]
[Result "1-0"]
[Board "201"]
[TimeControl "180+1"]
[WhiteFideId "4294661"]
[BlackFideId "6301444"]
[WhiteElo "2297"]
[BlackElo "1856"]
[WhiteTeam "GRE"]
[BlackTeam "TUR"]
[WhiteClock "0:00:14"]
[BlackClock "0:00:03"]

1. Nf3 f5 2. g3 Nf6 3. Bg2 d6 4. d4 e6 5. O-O Be7 6. c4 O-O 7. Nc3 Ne4 8. Nd2 Nxc3 9. bxc3 e5 10. c5 e4 11. cxd6 cxd6 12. Rb1 b6 13. f3 d5 14. fxe4 dxe4 15. Nxe4 Bb7 16. Nf6+ Rxf6 17. Bxb7 Nd7 18. Bxa8 Qxa8 19. Bg5 Qe4 20. Bxf6 Qe3+ 21. Kg2 Qe4+ 22. Rf3 Nxf6 23. Qd3 Qc6 24. Qxf5 g6 25. Qe5 Ng4 26. Qxe7 1-0

[Event "December 19 Early 2023"]
[Site "https://www.chess.com"]
[Date "2023.12.19"]
[Round "6"]
[White "Masterisback04"]
[Black "Kohler, Aran"]
[Result "0-1"]
[Board "202"]
[TimeControl "180+1"]
[BlackFideId "1002856"]
[WhiteElo "1736"]
[BlackElo "2283"]
[BlackTeam "NED"]
[WhiteClock "0:00:10"]
[BlackClock "0:00:58"]

1. e4 g6 2. d4 Bg7 3. Nc3 d6 4. f3 a6 5. Be3 Nd7 6. Qd2 e5 7. Nge2 Ngf6 8. g4 h5 9. g5 Nh7 10. O-O-O b5 11. Kb1 Rb8 12. Ng3 O-O 13. f4 exf4 14. Bxf4 Bb7 15. Qe2 Re8 16. Bg2 b4 17. Na4 Nxg5 18. Nxh5 Nxe4 19. Nxg7 Nc3+ 20. Nxc3 Rxe2 21. Nxe2 Bxg2 22. Rhg1 Bf3 23. Nf5 Bxe2 24. Rde1 Bh5 25. Ne7+ Kh7 26. Bg5 Qf8 27. Nd5 Re8 28. Nxc7 Rxe1+ 29. Rxe1 Qc8 30. Nd5 Qc4 31. Ne3 Qxd4 32. a3 bxa3 33. bxa3 Qe5 34. Kc1 Qxg5 0-1

[Event "December 19 Early 2023"]
[Site "https://www.chess.com"]
[Date "2023.12.19"]
[Round "6"]
[White "BeReal24"]
[Black "Vargas, Mauricio"]
[Result "1-0"]
[Board "203"]
[TimeControl "180+1"]
[BlackFideId "4404572"]
[WhiteElo "2498"]
[BlackElo "1982"]
[BlackTeam "COL"]
[WhiteClock "0:00:43"]
[BlackClock "0:00:00"]

1. d4 d5 2. c4 e6 3. Nc3 c6 4. Nf3 dxc4 5. a4 Bb4 6. e3 b5 7. axb5 cxb5 8. Bd2 Bxc3 9. bxc3 Qc7 10. Ne5 Nf6 11. Be2 O-O 12. O-O Bb7 13. f3 Nbd7 14. Nxd7 Qxd7 15. Qb1 a6 16. Bc1 Rfb8 17. Ba3 Nd5 18. Qb2 Nxe3 19. Rfb1 Nd5 20. Bc5 h6 21. Ra5 Qc7 22. Rba1 Qf4 23. Kh1 Ne3 24. Qc1 Qg5 25. g3 Ng4 26. Qxg5 hxg5 27. Kg1 Nf6 28. Kf2 Nd5 29. R1a3 Re8 30. Bd1 e5 31. dxe5 Rxe5 32. Bd4 Ree8 33. Ra2 f6 34. Bc2 Kf7 35. Be4 g6 36. Bxd5+ Bxd5 37. Rxa6 Rxa6 38. Rxa6 Rb8 39. Ra7+ Ke8 40. Bxf6 1-0

[Event "December 19 Early 2023"]
[Site "https://www.chess.com"]
[Date "2023.12.19"]
[Round "6"]
[White "Kornyukov, Alexey"]
[Black "Igel2023"]
[Result "1-0"]
[Board "204"]
[TimeControl "180+1"]
[WhiteFideId "4150457"]
[WhiteElo "2352"]
[BlackElo "2198"]
[WhiteTeam "RUS"]
[WhiteClock "0:02:04"]
[BlackClock "0:01:51"]

1. e4 e6 2. d4 d5 3. Nc3 dxe4 4. Nxe4 Nd7 5. Nf3 Ngf6 6. Bg5 Be7 7. Bxf6 Nxf6 8. Nxf6+ Bxf6 9. c3 O-O 10. Bd3 Qd6 11. Qe2 c5 12. dxc5 Qxc5 13. O-O g6 14. Rad1 b6 15. Qe4 Rb8 16. Qf4 1-0

[Event "December 19 Early 2023"]
[Site "https://www.chess.com"]
[Date "2023.12.19"]
[Round "6"]
[White "Larina, Maria"]
[Black "Hobson, Kenneth"]
[Result "1-0"]
[Board "205"]
[TimeControl "180+1"]
[WhiteFideId "24113182"]
[BlackFideId "480819"]
[WhiteElo "1848"]
[BlackElo "1953"]
[WhiteTeam "FID"]
[BlackTeam "ENG"]
[WhiteClock "0:00:09"]
[BlackClock "0:00:05"]

1. e4 e5 2. Nf3 Nc6 3. Nc3 Nf6 4. Bb5 Nd4 5. O-O Nxb5 6. Nxb5 d6 7. d4 c6 8. Nc3 Bg4 9. Be3 Qc7 10. h3 Bh5 11. a4 Be7 12. Qd3 O-O 13. Nd2 Rad8 14. f4 exd4 15. Bxd4 c5 16. Be3 d5 17. Nxd5 Nxd5 18. exd5 c4 19. Nxc4 Rfe8 20. Bxa7 Bc5+ 21. Bxc5 Qxc5+ 22. Kh2 Rxd5 23. Qb3 Rd4 24. Ne5 h6 25. c3 Rd2 26. Qxb7 Rxe5 27. Qb8+ Re8 28. Qxe8+ Kh7 29. Qe5 Qc6 30. Rg1 Bf3 31. Qf5+ Kg8 32. Raf1 Bxg2 33. Rd1 Bf3+ 34. Rxd2 Bd1 35. Rdxd1 g6 36. Rd8+ Kg7 37. Qe5+ Kh7 38. Rh8# 1-0

[Event "December 19 Early 2023"]
[Site "https://www.chess.com"]
[Date "2023.12.19"]
[Round "6"]
[White "Nan M K Khine Hlyan"]
[Black "Vila Dupla, Aurelio"]
[Result "1-0"]
[Board "206"]
[TimeControl "180+1"]
[WhiteFideId "13002899"]
[BlackFideId "2203383"]
[WhiteElo "1943"]
[BlackElo "2009"]
[WhiteTeam "MYA"]
[BlackTeam "ESP"]
[WhiteClock "0:00:38"]
[BlackClock "0:00:17"]

1. e4 c5 2. Nf3 d6 3. d4 cxd4 4. Nxd4 Nf6 5. Nc3 g6 6. Bc4 Bg7 7. O-O O-O 8. f4 Nc6 9. Nxc6 bxc6 10. e5 dxe5 11. fxe5 Ng4 12. e6 Qb6+ 13. Kh1 Nf2+ 14. Rxf2 Qxf2 15. exf7+ Kh8 16. Bg5 e6 17. Be7 Qxf7 18. Bxf8 Bxf8 19. Qd2 Qd7 20. Qf4 Bg7 21. Rd1 Qe7 22. Ne4 e5 23. Qf3 Bf5 24. Nd6 Be6 25. Bxe6 Qxe6 26. Nf7+ Kg8 27. Ng5 Qf6 28. Ne4 Qxf3 29. gxf3 Rf8 30. Kg2 h6 31. Rd6 Kh7 32. Rxc6 Rf7 33. c4 Rb7 34. b3 g5 35. c5 a5 36. Ra6 Rb5 37. c6 Rb8 38. Rxa5 1-0

[Event "December 19 Early 2023"]
[Site "https://www.chess.com"]
[Date "2023.12.19"]
[Round "6"]
[White "Kotlyar, Kirill"]
[Black "Gulamirian, Korun"]
[Result "1-0"]
[Board "207"]
[TimeControl "180+1"]
[WhiteFideId "24145599"]
[BlackFideId "4144899"]
[WhiteElo "2397"]
[BlackElo "1621"]
[WhiteTeam "RUS"]
[BlackTeam "RUS"]
[WhiteClock "0:01:47"]
[BlackClock "0:00:00"]

1. e4 c5 2. Nf3 d6 3. d4 cxd4 4. Qxd4 Nf6 5. Nc3 a6 6. e5 Nc6 7. Qa4 dxe5 8. Nxe5 Bd7 9. Nxd7 Qxd7 10. Be3 e6 11. Rd1 Qc7 12. Bb5 Be7 13. Bxc6+ bxc6 14. O-O O-O 15. h3 Nd5 16. Bd4 Rfb8 17. Nxd5 cxd5 18. a3 Qf4 19. b4 Bd6 20. g3 Qf5 21. Kg2 Rc8 22. Rd2 Qe4+ 23. Kh2 Rc4 24. Rfd1 Qf3 25. Qb3 Qf5 26. Be3 1-0

[Event "December 19 Early 2023"]
[Site "https://www.chess.com"]
[Date "2023.12.19"]
[Round "6"]
[White "Nikulina, Alena"]
[Black "Floresvillar Gonzalez, Luis Migu"]
[Result "1-0"]
[Board "208"]
[TimeControl "180+1"]
[WhiteFideId "4172051"]
[BlackFideId "5100542"]
[WhiteElo "1627"]
[BlackElo "2040"]
[WhiteTeam "RUS"]
[BlackTeam "MEX"]
[WhiteClock "0:00:03"]
[BlackClock "0:00:00"]

1. e4 c6 2. Nc3 d5 3. Qe2 dxe4 4. Nxe4 Bf5 5. g3 e6 6. Bg2 Nd7 7. d4 Ngf6 8. Nxf6+ Nxf6 9. c3 c5 10. Nf3 Be7 11. O-O O-O 12. dxc5 Bxc5 13. Bg5 h6 14. Bf4 Nd5 15. Be5 Qe7 16. Bd4 Bg4 17. Qe5 Bxd4 18. Nxd4 Rad8 19. h3 Bf5 20. Nxf5 exf5 21. Qxf5 Qf6 22. Qxf6 Nxf6 23. Rfd1 b6 24. Kf1 g5 25. a4 Kg7 26. Rd4 Rxd4 27. cxd4 Rd8 28. Rd1 Nd5 29. Ke2 f5 30. Bxd5 Rxd5 31. Kd3 Kf6 32. Rc1 b5 33. Rc5 Rxc5 34. dxc5 bxa4 35. Kc4 Ke6 36. Kb5 Kd5 37. f3 h5 38. h4 gxh4 39. gxh4 f4 40. Kxa4 Kxc5 41. Ka5 Kc4 42. b4 1-0

[Event "December 19 Early 2023"]
[Site "https://www.chess.com"]
[Date "2023.12.19"]
[Round "6"]
[White "Tilahun , Abel Mathewos"]
[Black "Kuchava, Ana"]
[Result "0-1"]
[Board "209"]
[TimeControl "180+1"]
[WhiteFideId "15702391"]
[BlackFideId "13605348"]
[WhiteElo "1917"]
[BlackElo "1950"]
[WhiteTeam "ETH"]
[BlackTeam "GEO"]
[WhiteClock "0:00:27"]
[BlackClock "0:01:24"]

1. d4 d5 2. c4 e6 3. Nf3 Nf6 4. Nc3 Be7 5. Bf4 c5 6. e3 Nc6 7. dxc5 Bxc5 8. a3 O-O 9. Bd3 a6 10. O-O dxc4 11. Bxc4 Qxd1 12. Raxd1 b5 13. Bd3 Bb7 14. Ne4 Be7 15. Ne5 Nxe5 16. Bxe5 Nxe4 17. Bxe4 Bxe4 18. Rd7 Bf6 19. Bxf6 gxf6 20. Rfd1 f5 21. f3 Bd5 22. g4 Bxf3 23. R1d4 fxg4 24. h3 h5 25. Kf2 Rac8 26. Kg3 Rc2 27. hxg4 hxg4 28. Kf4 Kg7 29. Kg5 g3 30. R4d6 g2 31. Kf4 g1=Q 32. Kxf3 Rf2+ 33. Ke4 Qg4+ 34. Kd3 Qc4# 0-1

[Event "December 19 Early 2023"]
[Site "https://www.chess.com"]
[Date "2023.12.19"]
[Round "6"]
[White "Petersson, Kjell"]
[Black "Bushonica"]
[Result "1-0"]
[Board "211"]
[TimeControl "180+1"]
[WhiteFideId "1705148"]
[WhiteElo "1994"]
[BlackElo "1915"]
[WhiteTeam "SWE"]
[WhiteClock "0:00:20"]
[BlackClock "0:00:00"]

1. d4 d5 2. Bf4 c5 3. e3 e6 4. Nd2 Nc6 5. c3 Nf6 6. Ngf3 cxd4 7. exd4 Be7 8. Bd3 O-O 9. Ne5 Nd7 10. Ndf3 f6 11. Ng4 Kh8 12. Qc2 f5 13. Nge5 Ncxe5 14. Bxe5 Nxe5 15. Nxe5 Bd6 16. Qe2 Qf6 17. O-O a6 18. Rfe1 b5 19. a3 Bxe5 20. Qxe5 Qxe5 21. Rxe5 Bd7 22. Rae1 a5 23. h3 h5 24. Be2 g6 25. Bd3 Kg7 26. R1e3 Kf6 27. Rg3 Rfb8 28. Rf3 b4 29. axb4 axb4 30. g4 hxg4 31. hxg4 bxc3 32. bxc3 Ra1+ 33. Kg2 Rc1 34. gxf5 gxf5 35. Be2 Rg8+ 36. Rg3 1-0

[Event "December 19 Early 2023"]
[Site "https://www.chess.com"]
[Date "2023.12.19"]
[Round "6"]
[White "Donatti, Alvaro"]
[Black "SulfatoFerroso"]
[Result "1-0"]
[Board "212"]
[TimeControl "180+1"]
[WhiteFideId "3000303"]
[WhiteElo "2138"]
[BlackElo "1904"]
[WhiteTeam "URU"]
[WhiteClock "0:00:02"]
[BlackClock "0:00:00"]

1. e4 c5 2. Nf3 e6 3. d4 cxd4 4. Nxd4 Nc6 5. Nc3 Qc7 6. Ndb5 Qb8 7. Be3 a6 8. Nd4 Nf6 9. g3 Bb4 10. Bg2 O-O 11. O-O Bxc3 12. bxc3 Qe5 13. f4 Qa5 14. Qd3 d5 15. e5 Nd7 16. c4 Nc5 17. Qe2 dxc4 18. Qxc4 Nxd4 19. Bxd4 Nd7 20. Rab1 b5 21. Qd3 Rb8 22. Qe3 Qxa2 23. Ba7 Rb7 24. Bxb7 Bxb7 25. Rbc1 Qd5 26. Qf3 Qxf3 27. Rxf3 Bxf3 28. Kf2 Bd5 29. Ra1 Rc8 30. Rxa6 Rxc2+ 31. Ke3 h6 32. Kd4 1-0

[Event "December 19 Early 2023"]
[Site "https://www.chess.com"]
[Date "2023.12.19"]
[Round "6"]
[White "Ghosh, Chanchal Kumer"]
[Black "Alves Campelo, Danilo Cesar De L"]
[Result "1-0"]
[Board "213"]
[TimeControl "180+1"]
[WhiteFideId "10201858"]
[BlackFideId "2123657"]
[WhiteElo "2067"]
[BlackElo "1994"]
[WhiteTeam "BAN"]
[BlackTeam "BRA"]
[WhiteClock "0:00:36"]
[BlackClock "0:00:00"]

1. e4 e6 2. Nf3 d5 3. Nc3 d4 4. Ne2 c5 5. c3 dxc3 6. bxc3 Nf6 7. d3 Nc6 8. g3 Qa5 9. Bd2 c4 10. Ned4 Bd7 11. Nxc6 Bxc6 12. e5 Nd5 13. Bg2 Nb6 14. d4 Be7 15. O-O O-O 16. Re1 Rad8 17. Qe2 Bd5 18. Rec1 Na4 19. Ne1 Ba3 20. Rc2 Bb2 21. Rb1 Nxc3 22. Qe3 Bxg2 23. Rbxb2 Nd5 24. Bxa5 Nxe3 25. fxe3 b6 26. Bxb6 axb6 27. Nxg2 c3 28. Rxc3 1-0

[Event "December 19 Early 2023"]
[Site "https://www.chess.com"]
[Date "2023.12.19"]
[Round "7"]
[White "Korobov, Anton"]
[Black "Carlsen, Magnus"]
[Result "0-1"]
[Board "1"]
[TimeControl "180+1"]
[WhiteFideId "14105730"]
[BlackFideId "1503014"]
[WhiteElo "2649"]
[BlackElo "2887"]
[WhiteTeam "UKR"]
[BlackTeam "NOR"]
[WhiteClock "0:00:11"]
[BlackClock "0:02:01"]

1. d4 d5 2. c4 e6 3. Nf3 a6 4. c5 Nc6 5. Nc3 Nf6 6. Bf4 Ne4 7. e3 g5 8. Be5 f6 9. Nxe4 dxe4 10. Nxg5 Nxe5 11. Nxe4 Nf7 12. Bc4 f5 13. Nc3 Bg7 14. O-O O-O 15. f4 b6 16. Qf3 Rb8 17. c6 b5 18. Bb3 a5 19. Rad1 a4 20. Bc2 Nd6 21. e4 b4 22. Nxa4 fxe4 23. Bxe4 Nxe4 24. Qxe4 Qd5 25. Qc2 Ba6 26. Rf3 Rbd8 27. Kh1 Bb5 28. Nc5 Bxc6 29. Rh3 h6 30. Rg3 Rf7 31. Qg6 Qxc5 0-1

[Event "December 19 Early 2023"]
[Site "https://www.chess.com"]
[Date "2023.12.19"]
[Round "7"]
[White "Liascovich, Lucas"]
[Black "Nakamura, Hikaru"]
[Result "0-1"]
[Board "2"]
[TimeControl "180+1"]
[WhiteFideId "108634"]
[BlackFideId "2016192"]
[WhiteElo "2455"]
[BlackElo "2874"]
[WhiteTeam "ARG"]
[BlackTeam "USA"]
[WhiteClock "0:01:06"]
[BlackClock "0:00:49"]

1. e4 e6 2. d4 d5 3. exd5 Qxd5 4. c4 Qd8 5. Nf3 b6 6. Nc3 Bb7 7. Be2 Nf6 8. O-O Nbd7 9. Bf4 Bd6 10. Bxd6 cxd6 11. Qd2 O-O 12. Rfe1 d5 13. b3 dxc4 14. bxc4 Rc8 15. Rad1 Bxf3 16. Bxf3 Rxc4 17. d5 e5 18. Nb5 a6 19. Nd6 Rd4 20. Qb2 Nc5 21. Nf5 Nd3 22. Qa1 Nxe1 23. Nxd4 exd4 24. Rxe1 Nxd5 25. Qxd4 Nf6 26. Qa4 a5 27. h3 Qd6 28. Rd1 Qc7 29. g3 Rd8 30. Re1 g6 31. Re2 Kg7 32. Kg2 Qc5 33. h4 Rd4 34. Qb3 b5 35. Re7 Qxe7 0-1

[Event "December 19 Early 2023"]
[Site "https://www.chess.com"]
[Date "2023.12.19"]
[Round "7"]
[White "Terry, Renato"]
[Black "Kamsky, Gata"]
[Result "1/2-1/2"]
[Board "3"]
[TimeControl "180+1"]
[WhiteFideId "3803457"]
[BlackFideId "2000024"]
[WhiteElo "2578"]
[BlackElo "2660"]
[WhiteTeam "PER"]
[BlackTeam "USA"]
[WhiteClock "0:00:31"]
[BlackClock "0:01:03"]

1. Nf3 Nf6 2. b3 g6 3. Bb2 Bg7 4. g3 O-O 5. Bg2 d5 6. c4 c6 7. O-O Bg4 8. d3 Bxf3 9. Bxf3 e6 10. Nd2 a5 11. Qc2 Nbd7 12. Rac1 Qb8 13. Bg2 Rd8 14. Rfd1 Ne8 15. Bxg7 Nxg7 16. Qc3 Qe5 17. d4 Qf6 18. e3 Ne8 19. a4 Qe7 20. Rb1 Nef6 21. b4 axb4 22. Rxb4 Ra7 23. Rdb1 b6 24. cxd5 Nxd5 25. Bxd5 cxd5 26. Qc6 Qf8 27. Nf3 Rc8 28. Qb5 Qd6 29. Kg2 Ra5 30. Qd3 Rc6 31. Qb3 Ra8 32. Qd3 Ra7 33. h4 h6 34. R1b2 Kg7 35. Rb1 Ra8 36. R1b2 Ra7 37. Rb1 Ra8 38. R1b2 Ra7 1/2-1/2

[Event "December 19 Early 2023"]
[Site "https://www.chess.com"]
[Date "2023.12.19"]
[Round "7"]
[White "Durarbayli, Vasif"]
[Black "Bortnyk, Olexandr"]
[Result "0-1"]
[Board "4"]
[TimeControl "180+1"]
[WhiteFideId "13402935"]
[BlackFideId "14120828"]
[WhiteElo "2551"]
[BlackElo "2731"]
[WhiteTeam "AZE"]
[BlackTeam "UKR"]
[WhiteClock "0:00:00"]
[BlackClock "0:00:35"]

1. e4 Nf6 2. e5 Nd5 3. d4 d6 4. c4 Nb6 5. exd6 exd6 6. Nc3 Be7 7. Bd3 O-O 8. Nge2 c6 9. O-O Na6 10. a3 Nc7 11. Qc2 g6 12. f4 f5 13. g4 Bh4 14. b3 Be6 15. Kh1 d5 16. c5 Nd7 17. g5 h6 18. Ng1 hxg5 19. fxg5 Kg7 20. Nf3 Rh8 21. Bf4 Bf7 22. Rg1 Ne6 23. Qd2 Bf2 24. Rg2 Bxd4 25. Nxd4 Nxd4 26. Qb2 Kg8 27. Bd6 Ne6 28. Ne2 Ndxc5 29. Bxc5 Nxc5 30. Bxf5 gxf5 31. g6 Be6 32. Nf4 Qd6 33. g7 Rh6 34. Ng6 Bf7 0-1

[Event "December 19 Early 2023"]
[Site "https://www.chess.com"]
[Date "2023.12.19"]
[Round "7"]
[White "Popov, Konstantin"]
[Black "Nihal Sarin"]
[Result "0-1"]
[Board "5"]
[TimeControl "180+1"]
[WhiteFideId "34137910"]
[BlackFideId "25092340"]
[WhiteElo "2340"]
[BlackElo "2689"]
[WhiteTeam "FID"]
[BlackTeam "IND"]
[WhiteClock "0:00:24"]
[BlackClock "0:02:28"]

1. e4 a6 2. c4 g6 3. Nc3 Bg7 4. d4 d6 5. h4 Nc6 6. d5 Nd4 7. h5 c5 8. h6 Bf6 9. Nf3 Bg4 10. Be2 Bxf3 11. gxf3 e5 12. f4 exf4 13. Bxf4 Bg5 14. Be3 Bxe3 15. fxe3 Nxe2 16. Qxe2 Qe7 17. O-O-O Nf6 18. Qf3 Nd7 19. a4 Ne5 20. Qe2 O-O 21. Rdf1 Rfe8 22. Kc2 Qg5 23. Rf4 Re7 24. a5 Rae8 25. b3 Rb8 26. Qf2 b5 27. axb6 Rxb6 28. Qh4 Qxh4 29. Rfxh4 Reb7 30. Rb1 f6 31. Rh2 Kf7 32. Rf2 g5 33. Rf5 Kg6 34. Rbf1 Ng4 0-1

[Event "December 19 Early 2023"]
[Site "https://www.chess.com"]
[Date "2023.12.19"]
[Round "7"]
[White "Niemann, Hans Moke"]
[Black "Shevchenko, Kirill"]
[Result "0-1"]
[Board "6"]
[TimeControl "180+1"]
[WhiteFideId "2093596"]
[BlackFideId "14129574"]
[WhiteElo "2614"]
[BlackElo "2603"]
[WhiteTeam "USA"]
[BlackTeam "ROU"]
[WhiteClock "0:00:56"]
[BlackClock "0:00:41"]

1. e4 c5 2. Nf3 Nc6 3. Bb5 Nf6 4. Nc3 Qc7 5. Bxc6 dxc6 6. e5 Nd5 7. h3 h6 8. O-O g5 9. Re1 g4 10. hxg4 Bxg4 11. d4 O-O-O 12. Nxd5 Rxd5 13. c3 cxd4 14. cxd4 Qd7 15. Qb3 Rg8 16. Bf4 Qf5 17. Qe3 Bxf3 18. Qxf3 Rxd4 19. Bg3 Qxf3 20. gxf3 h5 21. Kf1 h4 22. Bh2 Bh6 23. e6 fxe6 24. Rxe6 Bf4 25. Bxf4 Rxf4 26. Rxe7 Rxf3 27. Rd1 Rgf8 28. Rdd7 Rxf2+ 0-1

[Event "December 19 Early 2023"]
[Site "https://www.chess.com"]
[Date "2023.12.19"]
[Round "7"]
[White "Sjugirov, Sanan"]
[Black "So, Wesley"]
[Result "0-1"]
[Board "7"]
[TimeControl "180+1"]
[WhiteFideId "4189302"]
[BlackFideId "5202213"]
[WhiteElo "2569"]
[BlackElo "2767"]
[WhiteTeam "HUN"]
[BlackTeam "USA"]
[WhiteClock "0:00:00"]
[BlackClock "0:00:32"]

1. e4 d6 2. d4 Nf6 3. Nc3 g6 4. Be3 a6 5. Qd2 b5 6. a3 Nbd7 7. f3 Bb7 8. h4 c5 9. Nge2 cxd4 10. Nxd4 h5 11. Be2 Bg7 12. a4 b4 13. Na2 d5 14. Nxb4 dxe4 15. O-O O-O 16. Nbc6 Qc7 17. Qa5 Qd6 18. Qb4 Qxb4 19. Nxb4 Rfc8 20. a5 e5 21. Nb3 Bf8 22. c3 Bxb4 23. cxb4 Nd5 24. Bc5 Nf4 25. Bc4 exf3 26. gxf3 Bd5 27. Bxd5 Nxd5 28. Rad1 Nxc5 29. bxc5 Ne3 30. Rd6 Nxf1 31. Kxf1 Kf8 32. Ke2 Ke7 33. Kd3 Rxc5 34. Rb6 Rc7 35. Nd2 Rd8+ 36. Ke3 Rd6 37. Rb8 Rcd7 38. Ne4 Rd3+ 39. Kf2 Rc7 40. b4 Rc2+ 41. Kg3 Rd1 42. Rb7+ Kf8 43. Ng5 f5 44. Nh7+ Ke8 45. Nf6+ Kd8 0-1